 Dungeon Crawl Stone Soup version 0.31.0-11-ge490571c62 (webtiles) character file.

Game seed: 2641768872014258735

60 Gadfly the Insei (level 3, -2/29 HPs)
             Began as a Demonspawn Monk on Feb 5, 2024.
             Splashed by a jelly's acid (5 damage)
             ... on level 2 of the Dungeon.
             The game lasted 00:01:35 (1331 turns).

Gadfly the Insei (Demonspawn Monk)                  Turns: 1331, Time: 00:01:35

Health: -2/29      AC: -6    Str: 13    XL:     3   Next: 82%
Magic:  3/3        EV: 13    Int: 10    God:
Gold:   34         SH:  0    Dex: 15    Spells: 2/2 levels left

rFire   . .          .
                       - Unarmed
rCold   . . .        (no shield)
rNeg    . . .        a - +0 robe
rPois   .            (no helmet)
rElec   .            (no cloak)
rCorr   .            (no gloves)
SInv    .            (no boots)
Will    .....        (no amulet)
Stlth   +            (no ring)
HPRegen 0.24/turn    (no ring)
MPRegen 0.08/turn

%: no passive effects
@: corroded
A: claws 1
a: no special abilities


You were on level 2 of the Dungeon.
You visited 1 branch of the dungeon, and saw 2 of its levels.

You collected 34 gold pieces.

Inventory:

Armour
 a - a +0 robe (worn)
 c - an orb of light
Scrolls
 d - a scroll of poison {unknown}
 e - a scroll of enchant weapon
Potions
 b - a potion of ambrosia
 f - 2 potions of brilliance {unknown}


   Skills:
 - Level 3.0 Fighting
 + Level 3.0 Dodging
 * Level 3.2 Unarmed Combat
 * Level 1.5 Evocations
 * Level 1.3 Shapeshifting


You had 2 spell levels left.
You didn't know any spells.
Your spell library contained the following spells:

 Spells                   Type           Power      Damage    Failure   Level
 Alistair's Intoxication  Alch           0%         N/A       100%        5
 Borgnjor's Vile Clutch   Necr/Erth      0%         N/A       100%        5
 Eringya's Noxious Bog    Alch           0%         4d6       100%        6


Dungeon Overview and Level Annotations

Branches:
Dungeon (2/15)

Altars:
Hepliaklqana
Kikubaaqudgha
Makhleb
Nemelex Xobeh
Vehumet


Innate Abilities, Weirdness & Mutations

You have sharp fingernails.


Message History

A jelly and an endoplasm come into view.
Found two goblin skeletons and a bat skeleton.
There are monsters nearby!
There are monsters nearby!
A jelly and 6 endoplasms come into view.
Found a hobgoblin skeleton, a rat skeleton and 11 gold pieces.
Found five altars.
The endoplasm quivers. x2
The jelly hits you.
You are splashed with acid!
The endoplasm quivers.
There is an open door here.
The endoplasm quivers.
The endoplasm hits something.
Things that are here:
a +0 short sword; a kobold corpse You start resting.
A jelly is nearby!
You scratch the jelly but do no damage.
Your claws burn!
The jelly closely misses you.
You claw the jelly!
Your claws burn!
The jelly is heavily wounded.
The jelly hits you. The acid corrodes you!
You are splashed with acid!
* * * LOW HITPOINT WARNING * * *
You are too injured to fight recklessly!
You are too injured to fight recklessly!
You are too injured to fight recklessly!
You are too injured to fight recklessly!
You are too injured to fight recklessly!
You are too injured to fight recklessly!
You are too injured to fight recklessly!
You are too injured to fight recklessly!
You are too injured to fight recklessly!
You are too injured to fight recklessly!
You scratch the jelly but do no damage.
Your claws burn!
* * * LOW HITPOINT WARNING * * *
The jelly is heavily wounded.
The jelly hits you.
* * * LOW HITPOINT WARNING * * *
The acid corrodes you!
You are splashed with acid.
You die...

# ####### #
##########..J..÷# #
#####......##JP..÷PP# #
#.##.......#.#JJ.JJ.# #
##.'..).....#.#.÷__J.#
######).'........#J#......#
.....)..'......#'#)#_.J._P#
#######.##.....#.#J#....J.#
###########....#@#.#.P..P.#
........#########J##....÷$#
.....###.###### ### ####.#
#.#.##.##### ##### #.#
#.#...†..#.# #...# ####.#
#.#..###.#.# ###.# #....#
#....# #...# #.# #.####
###..###.#.#########.##
...## #....>.#.##....>....#


You could see a jelly.

Vanquished Creatures
  An adder (D:2)
  2 dart slugs (D:1)
  7 bats
  7 endoplasms (D:1)
  A giant cockroach (D:2)
  2 goblins
  4 hobgoblins
  8 kobolds
  2 quokkas (D:1)
  3 ball pythons
  A frilled lizard (D:1)
  6 rats
44 creatures vanquished.

Notes
Turn   | Place    | Note
-------+----------+-------------------------------------------
     0 | D:1      | Gadfly the Demonspawn Monk began the quest for the Orb.
     0 | D:1      | Reached XP level 1. HP: 18/18 MP: 1/1
   298 | D:1      | Gained mutation: You have sharp fingernails. [demonic
                  | ancestry]
   298 | D:1      | Reached XP level 2. HP: 24/24 MP: 2/2
   358 | D:1      | Reached skill level 1 in Evocations
   573 | D:1      | Reached skill level 1 in Shapeshifting
   573 | D:1      | Reached XP level 3. HP: 15/29 MP: 3/3
  1319 | D:2      | Found a radiant altar of Vehumet.
  1319 | D:2      | Found an ancient bone altar of Kikubaaqudgha.
  1319 | D:2      | Found a sparkling altar of Nemelex Xobeh.
  1319 | D:2      | Found a hazy altar of Hepliaklqana.
  1319 | D:2      | Found a hazy altar of Hepliaklqana.
  1319 | D:2      | Found a burning altar of Makhleb.
  1331 | D:2      | Splashed by a jelly's acid

Illustrated notes

Levels and vault maps discovered:
D:1:      scummos_arrival_forest, layout_basic, serial_glass, glass_columns_b,
          glass_columns_a
D:2:      cheibrodos_fertilizer, layout_loops_ring, minmay_goblin_kobold_house,
          uniq_sigmund, uniq_jessica

Skill      XL: |  1  2  3 |
---------------+----------+-----
Evocations     | 1 |  1.5
Unarmed Combat | 3 |  3.2
Shapeshifting  | 1 |  1.3
Dodging        | 3 |  3.0
Fighting       | |  3.0

Action                     || total
---------------------------++-------
  Melee: Unarmed           ||   125
         Punch             ||     3
    Use: Scroll            ||     2
   Stab: Sleeping          ||     2
 Armour: Robe              ||    57
  Dodge: Dodged            ||    83
